 Dungeon Crawl Stone Soup version 0.31-a0-819-gf6de2f5ab6 (webtiles) character file.

Game seed: 6228984085051472403

49 randomguy2701 the Fighter (level 3, 0/38 HPs)
             Began as a Gnoll Wanderer on Sept 24, 2023.
             Slain by an orc
             ... wielding a +1 flail of protection
              (8 damage)
             ... on level 3 of the Dungeon.
             The game lasted 00:02:35 (1980 turns).

randomguy2701 the Fighter (Gnoll Wanderer)          Turns: 1980, Time: 00:02:36

Health: 0/38       AC:  2    Str: 12    XL:     3   Next: 77%
Magic:  5/7        EV: 11    Int: 14    God:
Gold:   160        SH:  0    Dex:  9    Spells: 6/7 levels left

rFire   . . .        k - +0 hand axe
rCold   . . .        (no shield)
rNeg    . . .        c - +0 robe
rPois   .            (no helmet)
rElec   .            (no cloak)
rCorr   .            (no gloves)
SInv    .            (no boots)
Will    .....        (no amulet)
Stlth   +            (no ring)
HPRegen 0.26/turn    (no ring)
MPRegen 0.10/turn

%: no passive effects
@: no status effects
A: fangs 1, strong nose, distributed training
a: no special abilities


You were on level 3 of the Dungeon.
You visited 1 branch of the dungeon, and saw 3 of its levels.

You collected 160 gold pieces.

Inventory:

Hand Weapons
 a - a +0 club
 k - a +0 hand axe (weapon)
Armour
 c - a +0 robe (worn)
Scrolls
 d - 2 scrolls of silence
 f - a scroll of fear {unknown}
 h - a scroll of teleportation {unknown}
 j - a scroll of fog {unknown}
 n - a scroll of vulnerability {unknown}
 o - a scroll of amnesia {unknown}
 q - a scroll of revelation {unknown}
 r - a scroll of enchant weapon {unknown}
Potions
 b - 3 potions of curing
 e - a potion of degeneration {unknown}
 g - 2 potions of brilliance {unknown}
 i - 2 potions of lignification {unknown}
 l - a potion of heal wounds {unknown}
 m - a potion of cancellation {unknown}
 p - a potion of attraction {unknown}


   Skills:
 + Level 8.5 Fighting
 + Level 1.0 Short Blades
 + Level 1.0 Long Blades
 + Level 1.0 Axes
 + Level 1.0 Maces & Flails
 + Level 1.0 Polearms
 + Level 1.0 Staves
 + Level 1.0 Ranged Weapons
 + Level 1.0 Throwing
 + Level 2.6 Armour
 + Level 1.0 Dodging
 + Level 1.0 Stealth
 + Level 1.0 Shields
 + Level 1.0 Unarmed Combat
 + Level 2.9 Spellcasting
 + Level 0.7 Conjurations
 + Level 0.7 Hexes
 + Level 0.7 Summonings
 + Level 0.7 Necromancy
 + Level 0.7 Translocations
 + Level 0.7 Transmutations
 + Level 0.7 Fire Magic
 + Level 3.8 Ice Magic
 + Level 0.7 Air Magic
 + Level 3.8 Earth Magic
 + Level 0.7 Poison Magic
 + Level 1.0 Invocations
 + Level 1.0 Evocations
 + Level 0.8 Shapeshifting


You had 6 spell levels left.
You knew the following spells:

 Your Spells              Type           Power      Damage    Failure   Level
a - Sandblast             Erth           24%        2d8       4%          1

Your spell library contained the following spells:

 Spells                   Type           Power      Damage    Failure   Level
 Freeze                   Ice            48%        1d6       4%          1
 Ensorcelled Hibernation  Hex/Ice        16%        N/A       13%         2
 Hailstorm                Conj/Ice       8%         3d4       26%         3
 Stone Arrow              Conj/Erth      16%        3d8       26%         3


Dungeon Overview and Level Annotations

Branches:
Dungeon (3/15)

Altars:

Shops:
D:2 *=:


Innate Abilities, Weirdness & Mutations

You have very sharp teeth.
Your uncanny sense of smell can sniff out nearby items.
Your experience applies equally to all skills.


Message History

Aiming: Sandblast (safe; 4% risk of failure)
Press: ? - help, Shift-Dir - straight line, f/p - orc
Aim: an orc, wielding a +1 flail of protection and wearing a +0 leather armour (82% to hit)
The blast of sand hits the orc.
The orc is heavily wounded.
The orc throws a boomerang.
The boomerang closely misses you. The frilled lizard misses you.
The orc hits you with a +1 flail of protection!
You closely miss the orc.
The orc is heavily wounded.
You hit the orc. You hit the frilled lizard.
You kill the frilled lizard!
You barely miss the orc. The orc hits you with a +0 dagger.
The orc closely misses you. The orc barely misses you.
Unknown command.
You barely miss the orc. You bite the orc, but do no damage.
The orc is heavily wounded.
You hit the orc but do no damage. You hit the orc. The orc barely misses you.
The orc closely misses you.
The orc throws a boomerang.
The boomerang hits you but does no damage.
The orc barely misses you.
Unknown command.
You closely miss the orc.
The orc is heavily wounded.
You closely miss the orc. You hit the orc but do no damage. You hit the orc.
The orc barely misses you. The orc closely misses you.
The orc hits you with a +0 flail!
The orc hits you with a +1 flail of protection.
Unknown command.
You hit the orc but do no damage.
The orc is heavily wounded.
You closely miss the orc. You hit the orc but do no damage. You hit the orc.
You completely miss the orc. The orc hits you with a +0 dagger.
The orc hits you with a +1 flail of protection.
* * * LOW HITPOINT WARNING * * *
The orc closely misses you. The orc hits you with a +0 flail.
* * * LOW HITPOINT WARNING * * *
The orc completely misses you.
The orc hits you with a +1 flail of protection!
You die...

#. #. ##. ##
#.. .# #..
.# #
#.$#.#.#
##..oo..####
+...@o.."...
##.#oo..#.##
# ##...(...
...#.#.
#......
.#.##. ....
##.##


You could see 5 orcs.

Vanquished Creatures
  3 ball pythons (D:1)
  5 endoplasms
  2 giant cockroaches
  5 goblins
  9 hobgoblins
  2 jackals (D:2)
  A quokka (D:2)
  3 bats (D:1)
  A frilled lizard (D:3)
  6 kobolds
  4 rats
41 creatures vanquished.

Notes
Turn   | Place    | Note
-------+----------+-------------------------------------------
     0 | D:1      | randomguy2701 the Gnoll Wanderer began the quest for the
                  | Orb.
     0 | D:1      | randomguy2701 set off with the following items: a +0 club,
                  | a potion of curing, a +0 robe, a scroll of silence; and the
                  | following spells available to memorise: Freeze, Sandblast,
                  | Ensorcelled Hibernation, Hailstorm, Stone Arrow.
     0 | D:1      | Reached XP level 1. HP: 26/26 MP: 4/4
   150 | D:1      | Reached XP level 2. HP: 27/33 MP: 5/5
   701 | D:1      | Reached XP level 3. HP: 34/38 MP: 7/7
  1324 | D:2      | Reached skill level 1 in Invocations
  1546 | D:2      | Found Vomuil's Jewellery Shop.
  1696 | D:2      | Found Tiddusti's General Store.
  1760 | D:2      | Reached skill level 1 in Short Blades
  1760 | D:2      | Reached skill level 1 in Long Blades
  1760 | D:2      | Reached skill level 1 in Axes
  1760 | D:2      | Reached skill level 1 in Maces & Flails
  1760 | D:2      | Reached skill level 1 in Polearms
  1760 | D:2      | Reached skill level 1 in Staves
  1760 | D:2      | Reached skill level 1 in Ranged Weapons
  1760 | D:2      | Reached skill level 1 in Throwing
  1760 | D:2      | Reached skill level 1 in Dodging
  1760 | D:2      | Reached skill level 1 in Stealth
  1760 | D:2      | Reached skill level 1 in Shields
  1760 | D:2      | Reached skill level 1 in Unarmed Combat
  1760 | D:2      | Reached skill level 1 in Evocations
  1837 | D:2      | Found Mys Tudgh's Book Shop.
  1964 | D:2      | Learned a level 1 spell: Sandblast
  1980 | D:3      | Slain by an orc

Illustrated notes

Levels and vault maps discovered:
D:1:      dpeg_arrival_more_subterranean_lakeside_camping, layout_basic,
          minmay_misc_feat_plants, minmay_misc_feat_x,
          hangedman_decor_diamond_cutter, grunt_decor_mini_mirrors
D:2:      layout_basic, serial_shops, nicolae_shop_hallway_plus,
          nicolae_shop_pleasant_corner_grove, nicolae_shop_crystal,
          serial_bayou, serial_bayou_shore_a, serial_bayou_pond_e,
          serial_bayou_pond_e, serial_bayou_pond_b, hangedman_decor_growths
D:3:      layout_loops_corners, fedhas_altar_4, portal_sewer_entry_c

Skill      XL: |  1  2  3 |
---------------+----------+-----
Invocations    | 1 |  1.0
Short Blades   | 1 |  1.0
Long Blades    | 1 |  1.0
Axes           | 1 |  1.0
Maces & Flails | 1 |  1.0
Polearms       | 1 |  1.0
Staves         | 1 |  1.0
Ranged Weapons | 1 |  1.0
Throwing       | 1 |  1.0
Dodging        | 1 |  1.0
Stealth        | 1 |  1.0
Shields        | 1 |  1.0
Unarmed Combat | 1 |  1.0
Evocations     | 1 |  1.0
Fighting       | |  8.5
Armour         | |  2.6
Spellcasting   | |  2.9
Conjurations   | |  0.7
Hexes          | |  0.7
Summonings     | |  0.7
Necromancy     | |  0.7
Translocations | |  0.7
Transmutations | |  0.7
Fire Magic     | |  0.7
Ice Magic      | |  3.8
Air Magic      | |  0.7
Earth Magic    | |  3.8
Poison Magic   | |  0.7
Shapeshifting  | |  0.8

Action                     || total
---------------------------++-------
  Melee: Club              ||   102
         Bite              ||    13
         Hand axe          ||    73
         Punch             ||     3
   Cast: Sandblast         ||     2
   Stab: Sleeping          ||     1
 Armour: Robe              ||   132
  Dodge: Dodged            ||   126

Table legend: (Time is in decaauts)
 A = Elapsed time spent in this place.
 B = Non-inter-level travel time spent in this place.
 C = Inter-level travel time spent in this place.
 D = Time resting spent in this place.
 E = Time spent auto-exploring this place.
 F = Levels seen in this place.
 G = Mean time per level.
                   A        B        C        D        E       F      G
               +--------+--------+--------+--------+--------+-----+--------+
         Total |   2051 |   1957 |     94 |      0 |   1595 |   3 |  683.7 |
       Dungeon |   2051 |   1957 |     94 |      0 |   1595 |   3 |  683.7 |
               +--------+--------+--------+--------+--------+-----+--------+

Top non-repeatable levels by time:
     D:1: 1146 daAuts
     D:2: 897 daAuts
     D:3: 7 daAuts
